 Dungeon Crawl Stone Soup version 0.20-a0-850-ge5a7832 (webtiles) character file.

2011 nikopol the Thaumaturge (level 9, -5/45 HPs)
             Began as a Deep Elf Fire Elementalist on Mar 10, 2017.
             Was a Follower of Vehumet.
             Slain by Duvessa
             ... wielding a +3 rapier
              (8 damage)
             ... on level 6 of the Dungeon.
             The game lasted 00:36:34 (6936 turns).

nikopol the Thaumaturge (DEFE)                      Turns: 6936, Time: 00:36:35

Health: -5/45      AC:  9    Str:  5    XL:     9   Next: 2%
Magic:  8/24       EV: 14    Int: 24    God:    Vehumet [*.....]
Gold:   370        SH:  0    Dex: 15    Spells: 16/27 levels left

rFire    . . .     SeeInvis +   l - +1 dagger (venom)
rCold    + . .     Gourm    .   J - +1 robe {MR+}
rNeg     . . .     Faith    .   (no shield)
rPois    +         Spirit   .   h - +2 helmet {SInv}
rElec    .         Reflect  .   E - +2 cloak
rCorr    .         Harm     .   (no gloves)
MR       +....                  (no boots)
Stlth    ++........             (no amulet)
Regen    0.2/turn               L - ring of protection from cold
MPRegen  0.2/turn               d - ring of poison resistance

@: very slightly contaminated
A: no striking features
a: Renounce Religion


You were on level 6 of the Dungeon.
You worshipped Vehumet.
Vehumet was aware of your devotion.
You were hungry.

You visited 2 branches of the dungeon, and saw 7 of its levels.

You collected 370 gold pieces.

Inventory:

Hand Weapons
 l - a +1 dagger of venom (weapon)
Armour
 h - a +2 helmet of see invisible (worn)
 x - a +1 robe of fire resistance
 E - a +2 cloak (worn)
 J - a +1 robe of magic resistance (worn)
Jewellery
 d - a ring of poison resistance (left hand)
 w - a +1 ring of protection
 y - an uncursed ring of ice
 L - a ring of protection from cold (right hand)
Wands
 K - a wand of lightning (6/15)
Scrolls
 g - a scroll of fog {unknown}
 i - 2 scrolls of random uselessness {unknown}
 k - 3 scrolls of magic mapping {unknown}
 m - 2 scrolls of amnesia {unknown}
 n - a scroll of enchant weapon {unknown}
 p - 3 scrolls of recharging {unknown}
 s - 2 scrolls of remove curse {unknown}
 v - 2 scrolls of immolation {unknown}
 z - a scroll of fear {unknown}
 B - 2 scrolls of enchant armour {unknown}
 C - a scroll of teleportation {unknown}
 G - 2 scrolls of blinking {unknown}
 H - a scroll of identify
Potions
 e - a potion of mutation
 f - 2 potions of might
 j - a potion of lignification {unknown}
 o - 5 potions of curing
 q - a potion of ambrosia
 r - 2 potions of heal wounds
 t - a potion of agility {unknown}
 A - a potion of magic {unknown}
 D - 2 potions of haste {unknown}
 F - a potion of resistance {unknown}
Books
 b - a book of Flames

   Spells                             Type                      Level
   a - Flame Tongue                   Conjuration/Fire             1
   b - Throw Flame                    Conjuration/Fire             2
   c - Conjure Flame                  Conjuration/Fire             3
   d - Inner Flame                    Hexes/Fire                   3
   e - Sticky Flame                   Conjuration/Fire             4
   f - Fireball                       Conjuration/Fire             5
Comestibles
 a - a chunk of flesh
 c - 8 bread rations
 u - 2 meat rations
 I - 3 fruits


   Skills:
 + Level 0.1 Fighting
 + Level 3.9 Dodging
 - Level 2.4 Stealth
 + Level 9.5 Spellcasting
 + Level 6.3 Conjurations
 + Level 8.5 Fire Magic


You had 16 spell levels left.
You knew the following spells:

 Your Spells              Type           Power        Failure   Level  Hunger
a - Flame Tongue          Conj/Fire      #####        1%          1    None
b - Throw Flame           Conj/Fire      #####.       1%          2    None
c - Conjure Flame         Conj/Fire      #####...     1%          3    None
d - Fireball              Conj/Fire      #####.....   10%         5    ####...


Dungeon Overview and Level Annotations

Branches:
Dungeon (6/15)             Temple (1/1) D:4

Altars:
Ashenzari
Cheibriados
Dithmenos
Elyvilon
Fedhas
Gozag
Hepliaklqana
Kikubaaqudgha
Makhleb
Nemelex Xobeh
Okawaru
Qazlal
Ru
Sif Muna
Trog
Uskayaw
Vehumet
Wu Jian
Xom
Yredelemnul
Zin
The Shining One

Annotations:
D:6 Duvessa


Message History

Duvessa hits you with an enchanted rapier!
Duvessa hits you but does no damage.
Casting: Flame Tongue
Confirm with . or Enter, or press ? or * to list all spells.
Aiming: Flame Tongue
Press: ? - help, Shift-Dir - straight line, f/p - Duvessa
Aim: Duvessa, wielding an enchanted rapier and wearing a leather armour (severely wounded, berserk, fast, unusually strong)
The flame tongue hits Duvessa.
Duvessa is almost dead.
Duvessa hits you with an enchanted rapier!
* * * LOW HITPOINT WARNING * * *
Casting: Flame Tongue
Confirm with . or Enter, or press ? or * to list all spells.
Aiming: Flame Tongue
Press: ? - help, Shift-Dir - straight line, f/p - Duvessa
Aim: Duvessa, wielding an enchanted rapier and wearing a leather armour (almost dead, berserk, fast, unusually strong)
The flame tongue misses Duvessa.
You are feeling hungry.
Duvessa hits you with an enchanted rapier!
You die...

#.##.#.....# .....
..........## .# ##
#..#####.## .# #..# #.#
.# #<.#####.# ### .#
.).....#.###.####.#
.....>......#.#.#.##
)..###.#...###.....#####
.#.#
#....###...@e.ยง)...
##(# ####..###.....#####
#.######...#.....##
#...........######
#############


You could see Duvessa (berserk).

Vanquished Creatures
  The ghost of Dingo the Slasher, an amateur DsFi of Makhleb (D:4)
  Sigmund (D:2)
  An orc warrior (D:5)
  2 phantoms (D:5)
  An ice beast (D:5)
  A centaur (D:5)
  An ogre (D:4)
  2 bullfrogs (D:6)
  Blork the orc (D:4)
  2 scorpions (D:5)
  Dowan (D:6)
  2 orc priests (D:5)
  3 hounds
  A jelly (D:5)
  Crazy Yiuf (D:4)
  A gnoll shaman (D:5)
  5 orc wizards (D:5)
  Jessica (D:2)
  2 iguanas
  2 worker ants (D:4)
  A howler monkey zombie (D:6)
  5 gnolls (D:5)
  11 adders
  An adder skeleton (D:5)
  An adder zombie (D:5)
  4 worms
  4 dart slugs
  21 orcs
  4 ball pythons
  A giant cockroach (D:6)
  10 goblins
  7 hobgoblins
  10 jackals
  2 quokkas
  9 bats
  4 frilled lizards
  6 kobolds
  5 rats
138 creatures vanquished.

Notes
Turn   | Place    | Note
-------+----------+-------------------------------------------
     0 | D:1      | nikopol the Deep Elf Fire Elementalist began the quest for the Orb.
     0 | D:1      | Reached XP level 1. HP: 10/10 MP: 6/6
   202 | D:1      | Reached XP level 2. HP: 15/15 MP: 6/8
   317 | D:1      | Learned a level 2 spell: Throw Flame
  1346 | D:2      | Reached XP level 3. HP: 19/19 MP: 3/10
  1454 | D:2      | Noticed Sigmund
  1473 | D:2      | Killed Sigmund
  1473 | D:2      | Reached skill level 4 in Spellcasting
  1473 | D:2      | Reached skill level 5 in Fire Magic
  1473 | D:2      | Reached XP level 4. HP: 22/24 MP: 3/12
  1473 | D:2      | Reached XP level 5. HP: 26/28 MP: 3/14
  1556 | D:2      | Learned a level 3 spell: Conjure Flame
  1562 | D:2      | Learned a level 5 spell: Fireball
  1877 | D:2      | Noticed Jessica
  1882 | D:2      | Killed Jessica
  1882 | D:2      | Reached skill level 5 in Spellcasting
  2150 | D:2      | Found a sparkling altar of Nemelex Xobeh.
  2404 | D:3      | Reached XP level 6. HP: 32/32 MP: 11/16
  2775 | D:3      | Found a hazy altar of Hepliaklqana.
  2978 | D:4      | Reached skill level 6 in Spellcasting
  3334 | D:4      | Found a runed door.
  3338 | D:4      | Noticed Crazy Yiuf
  3348 | D:4      | Killed Crazy Yiuf
  3738 | D:4      | Noticed Blork the orc
  3751 | D:4      | Killed Blork the orc
  3751 | D:4      | Reached XP level 7. HP: 16/36 MP: 0/19
  4104 | D:4      | Reached skill level 7 in Spellcasting
  4206 | D:4      | Noticed Dingo's ghost (amateur DsFi)
  4295 | D:4      | Killed Dingo's ghost
  4565 | D:4      | Found a staircase to the Ecumenical Temple.
  4574 | Temple   | Entered the Ecumenical Temple
  4632 | Temple   | Became a worshipper of Vehumet
  4743 | D:5      | Entered Level 5 of the Dungeon
  4932 | D:5      | Reached skill level 8 in Spellcasting
  4935 | D:5      | Reached XP level 8. HP: 35/41 MP: 8/22
  5462 | D:5      | Reached skill level 5 in Conjurations
  5777 | D:5      | Reached * piety under Vehumet
  5777 | D:5      | Offered knowledge of Freeze by Vehumet.
  6121 | D:5      | Reached skill level 9 in Spellcasting
  6821 | D:6      | Reached XP level 9. HP: 45/45 MP: 18/24
  6917 | D:6      | Noticed Dowan
  6925 | D:6      | Noticed Duvessa
  6926 | D:6      | Killed Dowan
  6936 | D:6      | Slain by Duvessa

Vault maps used:
D:1:      dpeg_arrival_pond, minmay_surrounded
D:2:      first_bread, nemelex_lonely_heart_becter, uniq_jessica, uniq_sigmund
D:3:      lemuel_crystal_altar
D:4:      minmay_temple_entry_poolview, minmay_misc_feat_square,
          uniq_blork_the_orc, uniq_crazy_yiuf_cottage
D:5:      minivault_26
D:6:      grunt_ministairs_9, minmay_misc_feat_x, lightli_orcish_oven,
          uniq_duvessa, uniq_edmund
Temple:   compressed_dpeg_circular_temple

Skill      XL: |  1  2  3  4  5  6  7  8 |
---------------+-------------------------+-----
Fire Magic     | 4 5 6 8 |  8.5
Dodging        | 3 |  3.9
Spellcasting   | 4 5 6 8 9 |  9.5
Conjurations   | 2 3 4 6 |  6.3
Fighting       | |  0.1
Stealth        | |  2.4

Action                   |  1- 3 |  4- 6 |  7- 9 || total
-------------------------+-------+-------+-------++-------
Melee: Dagger            |     5 |       |       ||     5
 Cast: Flame Tongue      |    39 |    49 |   111 ||   199
       Throw Flame       |    12 |    57 |    88 ||   157
       Conjure Flame     |       |     4 |     3 ||     7
       Fireball          |       |       |     4 ||     4
  Use: Scroll            |       |       |     5 ||     5
  Eat: Chunk             |     1 |     8 |    10 ||    19
Armor: Robe              |     5 |     8 |    11 ||    24
Dodge: Dodged            |    17 |    12 |    22 ||    51
